 Dungeon Crawl Stone Soup version 0.30-a0-250-g41c1d76940 (webtiles) character file.

Game seed: 18316589749933760412

17348 themarg the Severer (level 12, 0/118 HPs)
             Began as a Minotaur Monk on Oct 13, 2022.
             Was a High Priest of Nemelex Xobeh.
             Slain by a four-headed hydra (1 damage)
             ... led by a torpor snail
             ... on level 2 of the Lair of Beasts.
             The game lasted 00:43:49 (14417 turns).

themarg the Severer (Minotaur Monk)                Turns: 14417, Time: 00:43:49

Health: 0/118      AC: 16    Str: 22    XL:     12   Next: 18%
Magic:  25/26      EV:  7    Int:  7    God:    Nemelex Xobeh [*****.]
Gold:   1222       SH:  0    Dex: 12    Spells: 11/11 levels left

rFire   . . .      SeeInvis .    b - +4 dire flail
rCold   . . .      Faith    +    (shield currently unavailable)
rNeg    . . .      Spirit   .    Y - +0 plate armour
rPois   +          Reflect  .    (helmet restricted)
rElec   .          Harm     .    Q - +2 cloak {rPois}
rCorr   .          Rampage  .    (no gloves)
Will    .....                    Z - +2 pair of boots
Stlth   ..........               X
                                   - Hermit's Pendant {Faith Invo=14 Evo=0 MP+5}
HPRegen 0.39/turn                L - ring of poison resistance
MPRegen 0.20/turn                F - +4 ring of slaying

@: slowed, very slow
A: horns 2, retaliatory headbutt
a: Renounce Religion, Draw Escape, Draw Destruction, Draw Summoning, Triple
Draw, Deal Four, Stack Five


You were on level 2 of the Lair of Beasts.
You worshipped Nemelex Xobeh.
Nemelex Xobeh was extremely pleased with you.
You visited 3 branches of the dungeon, and saw 13 of its levels.
You also visited: Sewer, Ossuary and Bailey.

You collected 1352 gold pieces.
You spent 130 gold pieces at shops.

Inventory:

Hand Weapons
 a - a +0 battleaxe
 b - a +4 dire flail (weapon)
Missiles
 l - 29 boomerangs (quivered)
 y - 53 poisoned darts
 M - 3 silver boomerangs
 O - 4 atropa-tipped darts
Armour
 s - a +0 cloak of poison resistance
 Q - a +2 cloak of poison resistance (worn)
 Y - a +0 plate armour (worn)
 Z - a +2 pair of boots (worn)
Jewellery
 F - a +4 ring of slaying (right hand)
 H - a +6 ring of dexterity
 J - a ring of flight
 L - a ring of poison resistance (left hand)
 P - a ring of see invisible
 W - a +4 ring of evasion
 X - the Hermit's Pendant (around neck) {Faith Invo=14 Evo=0 MP+5}
   (You found it on level 8 of the Dungeon)

   [amulet of faith]

   It sets your invocations skill to 14 and your evocations skill to 0.
   It allows you to gain divine favour quickly.
   MP:        It affects your magic capacity (+5).
Wands
 f - a wand of quicksilver (2)
 n - a wand of flame (5)
 u - a wand of iceblast (4)
 x - a wand of digging (4)
 C - a wand of polymorph (6)
 U - a wand of mindburst (13)
Scrolls
 d - a scroll of enchant armour {unknown}
 e - a scroll of amnesia
 g - 2 scrolls of noise
 h - 11 scrolls of teleportation
 p - 3 scrolls of summoning
 q - 2 scrolls of silence
 v - 2 scrolls of fear
 w - a scroll of torment {unknown}
 z - a scroll of brand weapon {unknown}
 B - a scroll of immolation {unknown}
 D - a scroll of enchant weapon {unknown}
 G - a scroll of fog {unknown}
 I - 4 scrolls of vulnerability {unknown}
 N - a scroll of blinking {unknown}
 R - 4 scrolls of poison
Potions
 c - a potion of ambrosia
 i - 2 potions of mutation
 j - 9 potions of flight
 k - a potion of invisibility
 m - 6 potions of heal wounds
 o - a potion of brilliance
 r - 4 potions of curing
 t - 3 potions of might
 A - 3 potions of cancellation
 E - 5 potions of haste
 K - 2 potions of berserk rage {unknown}
 S - a potion of magic {unknown}
 T - a potion of resistance {unknown}
 V - 6 potions of lignification


   Skills:
 - Level 14.8 Fighting
 + Level 17.3 Axes
 - Level 5.0 Dodging
 - Level 1.8 Stealth
 - Level 5.6(14.0) Invocations


You had 11 spell levels left.
You didn't know any spells.
Your spell library contained the following spells:

 Spells                   Type           Power      Damage    Failure   Level
 Magic Dart               Conj           0%         1d3       100%        1
 Sandblast                Erth           0%         2d4       100%        1
 Cigotuvi's Dreadful Rot  Necr/Pois/Air  0%         N/A       100%        2
 Passwall                 Tmut/Erth      0%         N/A       100%        2
 Poisonous Vapours        Pois/Air       0%         N/A       100%        2
 Searing Ray              Conj           0%         2d4       100%        2
 Ignite Poison            Fire/Tmut/Pois 0%         N/A       100%        3
 Kindle Blastsparks       Fire/Tloc/Air  0%         2d10      100%        3
 Mephitic Cloud           Conj/Pois/Air  0%         N/A       100%        3
 Stone Arrow              Conj/Erth      0%         3d7       100%        3
 Fulminant Prism          Conj/Hex       0%         3d6       100%        4
 Freezing Cloud           Conj/Ice/Air   0%         6-21      100%        5


Dungeon Overview and Level Annotations

Branches:
Dungeon (10/15)            Temple (1/1) D:5            Lair (2/5) D:10
 Spider (0/4) Lair:2        Sewer (visited)         Ossuary (visited)
 Bailey (visited)
  Swamp: Lair:2-3    Shoals: Lair:2-3       Orc: D:9-12

Altars:
Ashenzari
Cheibriados
Dithmenos
Elyvilon
Fedhas
Gozag
Hepliaklqana
Kikubaaqudgha
Makhleb
Nemelex Xobeh
Okawaru
Qazlal
Ru
Sif Muna
Trog
Uskayaw
Vehumet
Wu Jian
Xom
Yredelemnul
Zin
The Shining One

Shops:
D:1 ?   D:4 !

Annotations:
D:6 1 runed translucent door, exclusion: door, Nerdsrcool's ghost, novice MiMo


Innate Abilities, Weirdness & Mutations

You have a pair of horns on your head.
You reflexively headbutt those who attack you in melee.


Message History

The four-headed hydra bites you but does no damage.
The four-headed hydra bites you! The four-headed hydra bites you.
The four-headed hydra bites you! The polar bear bites you!
The polar bear claws you but does no damage. x2
The culicivora bites you!
* * * LOW HITPOINT WARNING * * *
The culicivora draws strength from your injuries!
The four-headed hydra bites you but does no damage. x3
The four-headed hydra bites you.
* * * LOW HITPOINT WARNING * * *
You draw a card...
You have drawn the Elements.
The culicivora bites you but does no damage.
The polar bear bites you!
* * * LOW HITPOINT WARNING * * *
The polar bear claws you but does no damage. x2
The culicivora bites you!
* * * LOW HITPOINT WARNING * * *
The culicivora draws strength from your injuries!
The four-headed hydra bites you but does no damage. x4
The snapping turtle bites your polar bear.
The polar bear bites you.
* * * LOW HITPOINT WARNING * * *
The polar bear claws you but does no damage. x2
Okay, then.
As you read the scroll labelled TIQUOV DARE, it crumbles to dust.
You hear a loud clanging noise!
It was a scroll of noise.
You hear an angry hiss. x2; You hear a bellow!
You hear a croak.
You hear a shout! x2; You hear an angry hiss.
You hear a croak.
You hear a loud, deep croak!
You hear a howl!
A black mamba comes into view.
The culicivora bites you.
* * * LOW HITPOINT WARNING * * *
The culicivora draws strength from your injuries!
The culicivora bites you.
* * * LOW HITPOINT WARNING * * *
The culicivora draws strength from your injuries!
The warg bites your wind drake! The four-headed hydra bites you.
You die...
Your body glows with a rainbow of weird colours and disappears.

P... #.. ...S ..## .....
##.. #... ..... #P.#
##..# ## ......##..#
P..# #.
..w...#...#####..######.
....hkD##.#..##...#.#.#.
....tss@#..#..#..###.#..
...#.hh##.........#.....
.....Y#...†........†....
...#...(.....(.÷.##.....
.#..###P........###.....


#PP ##..#...#.# ##..## ... ....#.>##.# ##..# ## ...........# #..## #..#...#####.
#..## You could see an emperor scorpion (misshapen), a four-headed hydra
(misshapen), a snapping turtle (misshapen, ally target), a torpor snail, a polar
bear (misshapen, ally target), a culicivora (misshapen), a black mamba, a warg
(misshapen, ally target), a friendly catoblepas (summoned, slow), a friendly
wind drake (summoned, repels missiles, slow) and a friendly polar bear
(summoned, slow).

Vanquished Creatures
  A hydra (D:10)
  Erica (D:8)
  Amaemon (Lair:1)
  A swamp dragon (D:8)
  A cyclops (D:9)
  Maurice (D:8)
  3 elephants (Lair:2)
  2 black mambas (Lair:2)
  An orange demon (Lair:1)
  A torpor snail (Lair:1)
  2 cane toads (Lair:1)
  A molten gargoyle (Lair:1)
  2 rime drakes
  2 komodo dragons (Lair:1)
  A polar bear (D:10)
  4 trolls
  3 wyverns
  15 yaks
  Eustachio (D:4)
  2 redbacks (Lair:2)
  A wraith (D:10)
  Grum (D:10)
  3 steam dragons
  2 water moccasins
  2 orc warriors
  6 ice beasts
  6 wolves
  4 centaurs
  3 ogres
  3 phantoms
  7 kobold brigands
  Blork the orc (D:4)
  4 scorpions
  9 bullfrogs
  2 necrophages
  8 wights (D:8)
  5 killer bees (D:9)
  9 howler monkeys
  2 jellies (D:6)
  2 orc priests (D:6)
  4 hounds
  Crazy Yiuf (D:2)
  Jessica (D:2)
  5 iguanas
  Natasha (D:2)
  4 orc wizards
  A merfolk siren (Sewer)
  A merfolk avatar (Sewer)
  3 mummies (Ossuary)
  Robin (D:3)
  3 gnolls (D:4)
  8 adders
  6 river rats
  A shadow imp (D:8)
  A white imp (D:7)
  2 ufetubi
  An adder zombie (Ossuary)
  5 worms
  2 dart slugs
  18 orcs
  4 bats
  4 endoplasms
  2 giant cockroaches
  21 goblins
  7 hobgoblins
  6 jackals (D:2)
  5 quokkas
  8 ball pythons
  15 frilled lizards
  A gnoll zombie (Ossuary)
  6 goblin zombies (Ossuary)
  2 hobgoblin zombies (Ossuary)
  16 kobolds
  4 kobold zombies (Ossuary)
  A quokka zombie (Ossuary)
  24 rats
  3 rat zombies (Ossuary)
324 creatures vanquished.

Vanquished Creatures (others)
  2 kobolds (D:6)
  6 fungi
  4 plants
12 creatures vanquished.

Grand Total: 336 creatures vanquished

Notes
Turn   | Place    | Note
-------+----------+-------------------------------------------
     0 | D:1      | themarg the Minotaur Monk began the quest for the Orb.
     0 | D:1      | Reached XP level 1. HP: 19/19 MP: 0/0
   233 | D:1      | Reached XP level 2. HP: 27/27 MP: 1/1
   326 | D:1      | Found Piph's Magic Scroll Boutique.
  1267 | D:2      | Found a shadowy altar of Dithmenos.
  1387 | D:2      | Reached XP level 3. HP: 29/35 MP: 2/2
  1450 | D:2      | Noticed Natasha
  1542 | D:2      | Noticed Jessica
  1546 | D:2      | Killed Jessica
  1547 | D:2      | Reached skill level 5 in Fighting
  1632 | D:2      | Reached XP level 4. HP: 35/42 MP: 3/3
  1972 | D:2      | Killed Natasha
  2102 | D:2      | Found a runed translucent door.
  2103 | D:2      | Noticed Crazy Yiuf
  2110 | D:2      | Killed Crazy Yiuf
  2111 | D:2      | Reached XP level 5. HP: 14/51 MP: 0/4
  2515 | D:3      | Found a glowing drain.
  2521 | Sewer    | Entered a sewer
  2791 | Sewer    | Reached XP level 6. HP: 61/61 MP: 5/5
  3339 | D:3      | Noticed Robin
  3362 | D:3      | Killed Robin
  3998 | D:4      | Noticed Blork the orc
  4042 | D:4      | Noticed Eustachio
  4051 | D:4      | Killed Eustachio
  4106 | D:4      | Reached XP level 7. HP: 68/70 MP: 6/6
  4221 | D:4      | Reached skill level 10 in Fighting
  4281 | D:4      | Reached skill level 4 in Axes
  4672 | D:4      | Found a glowing silver altar of Zin.
  4868 | D:4      | Found Ikuw's Distillery.
  4879 | D:4      | Killed Blork the orc
  5003 | D:4      | Bought a potion of haste for 130 gold pieces
  5019 | D:5      | Entered Level 5 of the Dungeon
  5061 | D:5      | Reached skill level 5 in Axes
  5061 | D:5      | Reached XP level 8. HP: 68/80 MP: 7/7
  5071 | D:5      | Reached skill level 5 in Dodging
  5897 | D:5      | Found a staircase to the Ecumenical Temple.
  5902 | Temple   | Entered the Ecumenical Temple
  6062 | Temple   | Became a worshipper of Nemelex Xobeh the Trickster
  6062 | Temple   | Reached * piety under Nemelex Xobeh
  6062 | Temple   | Received a gift from Nemelex Xobeh
  6062 | Temple   | Reached ** piety under Nemelex Xobeh
  6062 | Temple   | Received a gift from Nemelex Xobeh
  6540 | D:6      | Reached skill level 6 in Axes
  6724 | D:6      | Reached XP level 9. HP: 92/92 MP: 8/8
  7005 | D:6      | Received a gift from Nemelex Xobeh
  7142 | D:6      | Reached skill level 1 in Invocations
  7175 | D:6      | Found a runed translucent door.
  7175 | D:6      | Noticed Nerdsrcool's ghost (novice MiMo)
  7305 | D:7      | Found a flagged portal.
  7321 | D:7      | Found a bloodstained altar of Trog.
  7323 | Bailey   | Entered a bailey
  7329 | Bailey   | Reached *** piety under Nemelex Xobeh
  7356 | Bailey   | Reached skill level 7 in Axes
  7449 | Bailey   | Found an iron altar of Okawaru.
  7506 | D:7      | Found a sand-covered staircase.
  7508 | D:7      | Received a gift from Nemelex Xobeh
  7512 | Ossuary  | Entered an ossuary
  8248 | D:7      | Found an ancient bone altar of Kikubaaqudgha.
  8249 | D:7      | Found an iron altar of Okawaru.
  8250 | D:7      | Found a basalt altar of Yredelemnul.
  8708 | D:8      | Reached **** piety under Nemelex Xobeh
  8721 | D:8      | Noticed Maurice
  8726 | D:8      | Killed Maurice
  8727 | D:8      | Reached skill level 8 in Axes
  8727 | D:8      | Reached skill level 5 in Invocations
  8753 | D:8      | Found a broken altar of Ashenzari.
  8769 | D:8      | Reached XP level 10. HP: 102/102 MP: 12/12
  8995 | D:8      | Found the Hermit's Pendant {Faith Invo=14 Evo=0 MP+5}
  9111 | D:8      | Reached skill level 9 in Axes
  9405 | D:8      | Noticed Erica
  9417 | D:8      | Killed Erica
  9590 | D:8      | Received a gift from Nemelex Xobeh
  9749 | D:8      | Noticed a manticore
  9767 | D:8      | a manticore changed into a swamp dragon
  9767 | D:8      | Noticed a swamp dragon
  9768 | D:8      | Killed a swamp dragon
  9769 | D:8      | Reached skill level 10 in Axes
 10156 | D:9      | Received a gift from Nemelex Xobeh
 10727 | D:9      | Reached skill level 11 in Axes
 10729 | D:9      | Noticed a cyclops
 10846 | D:9      | Killed a cyclops
 11171 | D:10     | Entered Level 10 of the Dungeon
 11171 | D:10     | Reached ***** piety under Nemelex Xobeh
 11171 | D:10     | Received a gift from Nemelex Xobeh
 11182 | D:10     | Noticed Grum
 11187 | D:9      | Reached XP level 11. HP: 48/111 MP: 20/20
 11189 | D:9      | Reached skill level 12 in Axes
 11402 | D:10     | Noticed a five-headed hydra
 11501 | D:10     | Killed Grum
 11523 | D:10     | Killed a five-headed hydra
 11867 | D:10     | Reached skill level 13 in Axes
 11942 | D:10     | Found a staircase to the Lair.
 11994 | D:10     | Received a gift from Nemelex Xobeh
 12526 | Lair:1   | Entered Level 1 of the Lair of Beasts
 12560 | Lair:1   | Reached skill level 14 in Axes
 13007 | Lair:1   | Received a gift from Nemelex Xobeh
 13103 | Lair:1   | Reached skill level 15 in Axes
 13450 | Lair:1   | Reached skill level 16 in Axes
 13747 | Lair:1   | Noticed Amaemon
 13759 | Lair:1   | Killed Amaemon
 14024 | Lair:2   | Received a gift from Nemelex Xobeh
 14043 | Lair:2   | Reached XP level 12. HP: 97/118 MP: 21/21
 14143 | Lair:2   | Found a hole to the Spider Nest.
 14168 | Lair:2   | Reached skill level 17 in Axes
 14402 | Lair:2   | Noticed a seven-headed hydra
 14408 | Lair:2   | Noticed a death yak
 14413 | Lair:2   | Noticed a death yak
 14414 | Lair:2   | a seven-headed hydra changed into a culicivora
 14414 | Lair:2   | a death yak changed into a four-headed hydra
 14414 | Lair:2   | Noticed a four-headed hydra
 14414 | Lair:2   | a death yak changed into an emperor scorpion
 14414 | Lair:2   | Noticed an emperor scorpion
 14416 | Lair:2   | HP: 5/118 [polar bear[a torpor snail] (1)]
 14417 | Lair:2   | HP: 1/118 [culicivora (2)]
 14417 | Lair:2   | Slain by a four-headed hydra

Illustrated notes

Levels and vault maps discovered:
D:1:      erik_arrival_cave_to_civilisation [erik_arrival_cave_to_hall],
          layout_loops_ring, serial_shops, nicolae_shop_statue_plus
D:2:      layout_loops_ring, basic_altar, uniq_natasha, uniq_crazy_yiuf_cottage,
          uniq_jessica
D:3:      layout_loops_corners, gup_sewer_entry_bubbles, serial_bayou,
          serial_bayou_pond_d, serial_bayou_shore_b, serial_bayou_pond_d,
          serial_bayou_lake_a, serial_bayou_shore_a, uniq_robin
D:4:      layout_rooms, overflow_temple_1_default, serial_shops,
          nicolae_shop_stone, minmay_goblin_outpost, uniq_blork_the_orc,
          uniq_eustachio
D:5:      layout_basic, minmay_temple_entry_nine_rooms, hangedman_decor_growths,
          minivault_27, minmay_fountain_box
D:6:      layout_basic, gammafunk_ghost_grave, chequers_mini_garden
D:7:      layout_basic, chequers_temple_overflow_statue_of_worship,
          enter_bailey_5, nicolae_ossuary_entry_monument, minmay_misc_feat_x
D:8:      layout_basic, cheibrodos_ashenzari_chains, minmay_small_thing,
          uniq_erica, uniq_maurice
D:9:      layout_basic
D:10:     layout_cave_pools, hellmonk_lair_entry_icy, dk_rats_in_the_wall,
          uniq_grum
Temple:   nicolae_temple_slightly_damp_pantheon
Lair:1:   layout_gridlike, grunt_forest_small_clearings, serial_bayou_shore_b,
          uniq_amaemon
Lair:2:   layout_loops_ring, minmay_shoals_entry_centaurs, spider_nest_entry_a

Skill      XL: |  1  2  3  4  5  6  7  8  9 10 11 12 |
---------------+-------------------------------------+-----
Fighting       | 4 5 6 7 9 10 12 13 14 | 14.8
Axes           | 5 6 8 11 16 17 | 17.3
Dodging        | 4 5 |  5.0
Invocations    | 5 |  5.6
Stealth        | |  1.8

Action                   |  1- 3 |  4- 6 |  7- 9 | 10-12 || total
-------------------------+-------+-------+-------+-------++-------
Melee: Hand axe          |    63 |   210 |   349 |    63 ||   685
       Headbutt          |    10 |    30 |    67 |    54 ||   161
       Punch             |       |     4 |       |       ||     4
       Battleaxe         |       |       |       |   185 ||   185
       Dire flail        |       |       |       |    10 ||    10
Invok: Draw Destruction  |       |       |     5 |    11 ||    16
       Draw Escape       |       |       |     1 |       ||     1
       Triple Draw       |       |       |       |     1 ||     1
       Draw Summoning    |       |       |       |     1 ||     1
  Use: Scroll            |       |       |    11 |     3 ||    14
       Potion            |       |       |       |     1 ||     1
 Stab: Sleeping          |     3 |     6 |     1 |       ||    10
       Distracted        |       |       |     1 |       ||     1
Armor: Robe              |    13 |    29 |       |       ||    42
       Leather armour    |       |     4 |    17 |       ||    21
       Scale mail        |       |       |    62 |    20 ||    82
       Chain mail        |       |       |    15 |       ||    15
       Plate armour      |       |       |       |   146 ||   146
Dodge: Dodged            |    45 |   145 |   270 |   208 ||   668

Table legend: (Time is in decaauts)
 A = Elapsed time spent in this place.
 B = Non-inter-level travel time spent in this place.
 C = Inter-level travel time spent in this place.
 D = Time resting spent in this place.
 E = Time spent auto-exploring this place.
 F = Levels seen in this place.
 G = Mean time per level.
                   A        B        C        D        E       F      G
               +--------+--------+--------+--------+--------+-----+--------+
         Total |  14586 |  13842 |    744 |   3071 |   8072 |  16 |  911.6 |
       Dungeon |  11539 |  10878 |    661 |   2299 |   6737 |  10 | 1153.9 |
        Temple |    181 |    161 |     20 |      0 |    136 |   1 |  181.0 |
          Lair |   1886 |   1823 |     63 |    570 |   1005 |   2 |  943.0 |
         Sewer |    581 |    581 |      0 |     95 |    194 |   1 |  581.0 |
       Ossuary |    237 |    237 |      0 |    107 |      0 |   1 |  237.0 |
        Bailey |    158 |    158 |      0 |      0 |      0 |   1 |  158.0 |
               +--------+--------+--------+--------+--------+-----+--------+

Top non-repeatable levels by time:
     D:8: 1540 daAuts
  Lair:1: 1497 daAuts
     D:9: 1467 daAuts
     D:3: 1296 daAuts
     D:1: 1214 daAuts
     D:2: 1088 daAuts
     D:6: 1073 daAuts
     D:5: 1028 daAuts
     D:4: 1012 daAuts
     D:7: 962 daAuts
    D:10: 855 daAuts
   Sewer: 581 daAuts
  Lair:2: 388 daAuts
 Ossuary: 237 daAuts
  Temple: 181 daAuts
